 Dungeon Crawl Stone Soup version 0.29-a0-1006-g0dd7720b37 (webtiles) character file.

Game seed: 1542179467202431991

22 concernfroge the Trooper (level 2, 0/25 HPs)
             Began as a Mummy Monk on Aug 7, 2022.
             Slain by a hobgoblin (3 damage)
             ... led by Robin
             ... on level 2 of the Dungeon.
             The game lasted 00:01:58 (1054 turns).

concernfroge the Trooper (Mummy Monk)               Turns: 1054, Time: 00:01:59

Health: 0/25       AC:  5    Str: 14    XL:     2   Next: 68%
Magic:  2/2        EV: 11    Int:  9    God:
Gold:   33         SH:  0    Dex: 14    Spells: 1/1 levels left

rFire   x . .      SeeInvis .   h - +2 demon trident (venom)
rCold   + . .      Faith    .   (no shield)
rNeg    + + +      Spirit   .   d - +0 ring mail
rPois   ∞          Reflect  .   (no helmet)
rElec   .          Harm     .   (no cloak)
rCorr   .          Rampage  .   (no gloves)
Will    .....                   (no boots)
Stlth   +.........              (no amulet)
HPRegen 0.08/turn               (no ring)
MPRegen 0.08/turn               (no ring)

@: about to teleport
A: cold resistance 1, negative energy resistance 3, torment resistance 2, heat
vulnerability 1, no potions
a: no special abilities


You were on level 2 of the Dungeon.
You visited 1 branch of the dungeon, and saw 2 of its levels.

You collected 33 gold pieces.

Inventory:

Hand Weapons
 a - a +0 spear
 e - a +0 quarterstaff
 h - a +2 demon trident of venom (weapon)
Armour
 b - a +0 robe
 d - a +0 ring mail (worn)
Scrolls
 c - a scroll of blinking {unknown}
 g - a scroll of teleportation
 i - a scroll of poison
 j - a scroll of immolation


   Skills:
 + Level 4.0 Fighting
 - Level 2.4 Polearms
 - Level 2.4 Dodging
 - Level 1.5 Stealth


You had one spell level left.
You didn't know any spells.
Your spell library was empty.

Dungeon Overview and Level Annotations

Branches:
Dungeon (2/15)

Altars:

Shops:
D:1 [

Annotations:
D:2 Robin


Innate Abilities, Weirdness & Mutations

You are immune to poison.
Your flesh is cold resistant. (rC+)
You are immune to negative energy. (rN+++)
You are immune to unholy pain and torment.
You are vulnerable to heat. (rF-)
You do not drink.


Message History

You feel aware of your surroundings.
It was a scroll of magic mapping.
The hobgoblin barely misses you. The goblin hits you but does no damage.
This is a scroll of acquirement!
Something appears at your feet! The hobgoblin completely misses you.
The goblin hits you but does no damage.
h - a +2 demon trident of venom Robin throws the goblin at you!
The hobgoblin hits you but does no damage.
The goblin misses you. The goblin hits you but does no damage.
Your +2 demon trident of venom begins to drip with poison!
h - a +2 demon trident of venom (weapon)
You barely miss the goblin. Robin throws the goblin at you!
A kobold comes into view. It is wielding a +0 hand axe.
The hobgoblin barely misses you. The goblin hits you with a +0 club.
The goblin closely misses you. The goblin hits you but does no damage.
The goblin closely misses you. The goblin hits you but does no damage.
The hobgoblin misses you. The goblin closely misses you.
As you read the scroll labelled ITOMAI IDAIRE, it crumbles to dust.
The creatures around you are filled with an inner flame!
It was a scroll of immolation.
The hobgoblin barely misses you. The goblin hits you with a +0 club. x2
Robin says, "A pitiful Mummy like you will never find the ORB!"
The goblin hits you with a +0 dagger.
The air fills with toxic fumes!
As you read the scroll labelled CESARPHETOL, it crumbles to dust.
It was a scroll of poison.
The hobgoblin closely misses you. The goblin hits you but does no damage.
The goblin hits you with a +0 club. The goblin hits you with a +0 dagger.
* * * LOW HITPOINT WARNING * * *
As you read the scroll labelled SAESTR ISHRERR, it crumbles to dust.
You feel strangely unstable.
It was a scroll of teleportation.
The hobgoblin barely misses you. The goblin misses you.
The goblin barely misses you. The goblin hits you with a +0 dagger.
* * * LOW HITPOINT WARNING * * *
Okay, then.
You aren't carrying any items that you can evoke.
As you read the scroll labelled DOYNOI IZXESUXT, it crumbles to dust.
It is a scroll of amnesia.
You feel forgetful for a moment. The hobgoblin hits you.
You die...

***** #........ **********§§§#*
**** #........
*,,,,,,**§,§§§******,,**##..<....
*,,,,,,*,§§,§§§,,,,,,............
*,,,,,,*,§§§,§§,*,,**####>..##.##
*,,,,,,*,§§§§,§#*,**#######......
*,,,,,,**§§§§§#g,,* #............
*,,,,,,,,§§§§ggg#####§#####......
*,,,,,,*,§§K§ggg@g§§§§§§.........
*,,,,,,*,§§§§gS##g§§§§#####......
*,,,,,,**§§§§§**#§##### #.......
*,,,,,,**#§§§,,..§§* #.###.##
***,,,,,*#§§,....§§# **###.##...#
*,,,,,*#§,.....§§#**,..........
*,,,,,,§,,.....§§#,,,###.##....
*,,,,,*,,,....(§§#,**##........
*,,,,,,,,,,,,,,..#,###.....####


You could see Robin (inner flame), 3 hobgoblins, 6 goblins, a ball python (inner
flame) and a kobold (inner flame).

Vanquished Creatures
  A worm (D:2)
  2 bats (D:1)
  An endoplasm (D:2)
  A giant cockroach (D:1)
  2 hobgoblins
  4 kobolds
  2 quokkas (D:1)
  3 ball pythons
  2 rats (D:1)
18 creatures vanquished.

Notes
Turn   | Place    | Note
-------+----------+-------------------------------------------
     0 | D:1      | concernfroge the Mummy Monk began the quest for the Orb.
     0 | D:1      | Reached XP level 1. HP: 18/18 MP: 1/1
   116 | D:1      | Reached XP level 2. HP: 24/24 MP: 2/2
   553 | D:1      | Found Suir's Antique Armour Shop.
   756 | D:2      | Reached skill level 4 in Fighting
  1043 | D:2      | Noticed Robin
  1047 | D:2      | Identified a scroll of acquirement
  1047 | D:2      | Acquired a +2 demon trident of venom
  1054 | D:2      | Slain by a hobgoblin

Illustrated notes

Levels and vault maps discovered:
D:1:      saegor_arrival_simple_d, layout_basic, serial_shops, shop,
          minmay_vboxes
D:2:      layout_rooms, uniq_robin

Skill      XL: |  1  2 |
---------------+-------+-----
Fighting       | 4 |  4.0
Polearms       | |  2.4
Dodging        | |  2.4
Stealth        | |  1.5

Action                   || total
-------------------------++-------
Melee: Spear             ||     9
       Quarterstaff      ||    38
       Demon trident     ||     1
  Use: Scroll            ||     7
 Stab: Sleeping          ||     2
Armor: Ring mail         ||    15
Dodge: Dodged            ||    43

Table legend: (Time is in decaauts)
 A = Elapsed time spent in this place.
 B = Non-inter-level travel time spent in this place.
 C = Inter-level travel time spent in this place.
 D = Time resting spent in this place.
 E = Time spent auto-exploring this place.
 F = Levels seen in this place.
 G = Mean time per level.
                   A        B        C        D        E       F      G
               +--------+--------+--------+--------+--------+-----+--------+
         Total |   1063 |    994 |     69 |      0 |    851 |   2 |  531.5 |
       Dungeon |   1063 |    994 |     69 |      0 |    851 |   2 |  531.5 |
               +--------+--------+--------+--------+--------+-----+--------+

Top non-repeatable levels by time:
     D:1: 717 daAuts
     D:2: 345 daAuts
